[Event "Titled Tuesday Blitz October 11 Early 2022"]
[White "Sailer, Mike"]
[Black "Winkels, Marcel"]
[WhiteFideId "2012901"]
[BlackFideId "1003887"]
[WhiteElo "2109"]
[BlackElo "1900"]
[Result "0-1"]
[Round "06"]
[TimeControl "180+1"]
[Date "2022.10.12"]
[WhiteClock "0:00:07"]
[BlackClock "0:00:34"]

1. d4 Nf6 2. Bf4 g6 3. Nc3 d5 4. Qd2 c6 5. Nf3 b5 6. a3 Nbd7 7. Ne5 Nxe5 8. Bxe5 Bg7 9. e3 O-O 10. Be2 Bd7 11. O-O a5 12. Bf3 Bf5 13. h3 h5 14. Kh2 Qd7 15. Rfe1 Ne4 16. Nxe4 dxe4 17. Bxg7 Kxg7 18. Be2 Qd6+ 19. Kg1 e5 20. c3 exd4 21. cxd4 a4 22. Qc3 Qf6 23. Rac1 Rac8 24. Rc2 Rh8 25. Rec1 g5 26. Qc5 g4 27. hxg4 hxg4 28. Qe5 Qxe5 29. dxe5 Rh6 30. f3 g3 31. fxe4 Rch8 32. Bh5 Rxh5 33. Kf1 Rh1+ 34. Ke2 Bxe4 35. Rxh1 Rxh1 36. Rd2 Bxg2 37. Rd7 Bd5 38. e4 Bc4+ 39. Kf3 Rh2 40. Kxg3 Rxb2 41. Kf4 Rb3 42. Rd6 Rxa3 43. Rxc6 Rb3 44. Ra6 a3 45. Ra7 Rd3 46. Kf5 a2 47. e6 Bxe6+ 48. Ke5 Rd1 49. Ra6 a1=Q+ 50. Rxa1 Rxa1 51. Kd6 b4 52. e5 b3 53. Ke7 b2 54. Ke8 b1=Q 55. Ke7 Ra7+ 56. Ke8 Qb8# 0-1


[Site "https://www.chess.com"]

[Event "Titled Tuesday Blitz October 11 Early 2022"]
[White "Salman, Pavel"]
[Black "Mrudul Dehankar"]
[WhiteFideId "24153753"]
[BlackFideId "25096990"]
[WhiteElo "2187"]
[BlackElo "2068"]
[Result "1-0"]
[Round "06"]
[TimeControl "180+1"]
[Date "2022.10.12"]
[WhiteClock "0:00:37"]
[BlackClock "0:00:01"]

1. Nf3 Nf6 2. g3 d5 3. Bg2 Bf5 4. O-O e6 5. d3 h6 6. Nfd2 Be7 7. e4 dxe4 8. dxe4 Bh7 9. Nc3 c6 10. Qe2 Nbd7 11. a4 O-O 12. Nc4 Qc7 13. Rd1 Rfd8 14. a5 b5 15. axb6 axb6 16. Rxa8 Rxa8 17. b3 b5 18. Ne3 b4 19. Na4 Nxe4 20. Bb2 Nef6 21. Nc4 Nd5 22. Ne5 N7b6 23. Nxb6 Qxb6 24. Qg4 Bf5 25. Qh5 Rf8 26. Nd7 Qc7 27. Nxf8 Bxf8 28. Qe2 Qa5 29. Ra1 Qc5 30. Qc4 Qb6 31. Ra6 Qb7 32. Qxc6 Qb8 33. Ra8 Qd6 34. Qxd6 1-0


[Site "https://www.chess.com"]

[Event "Titled Tuesday Blitz October 11 Early 2022"]
[White "Samant Aditya S"]
[Black "Winterberg, Lukas"]
[WhiteFideId "35080580"]
[BlackFideId "24622702"]
[WhiteElo "2367"]
[BlackElo "2349"]
[Result "0-1"]
[Round "06"]
[TimeControl "180+1"]
[Date "2022.10.12"]
[WhiteClock "0:00:04"]
[BlackClock "0:00:22"]

1. e4 g6 2. d4 Bg7 3. Nc3 d6 4. Be3 a6 5. a4 Nf6 6. h3 O-O 7. Nf3 b6 8. Bd3 Bb7 9. O-O Nbd7 10. Re1 e5 11. Qd2 Re8 12. dxe5 Nxe5 13. Nxe5 dxe5 14. Qe2 Qe7 15. f3 Nd7 16. Bc4 Nc5 17. Nd5 Qd8 18. Rad1 Qc8 19. a5 Bxd5 20. Bxd5 Rb8 21. Qc4 Ne6 22. axb6 cxb6 23. Qxc8 Rexc8 24. Bxe6 fxe6 25. c3 Rc7 26. Rd6 Kf7 27. Red1 h6 28. Kf1 Bf8 29. Rd7+ Rxd7 30. Rxd7+ Kf6 31. Ke2 g5 32. g4 Bc5 33. Bd2 a5 34. Kd3 b5 35. Be1 a4 36. Bg3 b4 37. Rc7 Bf8 38. Ra7 a3 39. bxa3 b3 40. Ra5 Bd6 41. Ra6 b2 42. Rxd6 b1=Q+ 43. Ke3 Qc1+ 44. Kf2 Rb2+ 0-1


[Site "https://www.chess.com"]

[Event "Titled Tuesday Blitz October 11 Early 2022"]
[White "Samarth, J Rao"]
[Black "Terzi, Alexei"]
[WhiteFideId "46652370"]
[BlackFideId "13505076"]
[WhiteElo "1564"]
[BlackElo "2172"]
[Result "1-0"]
[Round "06"]
[TimeControl "180+1"]
[Date "2022.10.12"]
[WhiteClock "0:00:05"]
[BlackClock "0:00:03"]

1. c4 c5 2. e3 Nc6 3. d4 cxd4 4. exd4 d5 5. cxd5 Qxd5 6. Nf3 Bg4 7. Be2 e6 8. Nc3 Qa5 9. O-O Nf6 10. Be3 Be7 11. a3 O-O 12. b4 Qd8 13. h3 Bh5 14. Rc1 Nd5 15. Nxd5 exd5 16. Ne5 Bxe2 17. Qxe2 Rc8 18. Nxc6 Rxc6 19. Rxc6 bxc6 20. Qa6 Qd7 21. Rc1 Rc8 22. b5 Bd6 23. bxc6 Qc7 24. Bd2 Ra8 25. Qb7 Rb8 26. Qxc7 Bxc7 27. Bb4 Bb6 28. Re1 Rc8 29. Re7 g6 30. Rd7 Rxc6 31. Rxd5 Rc1+ 32. Kh2 Rd1 33. Bc5 Bxc5 34. Rxc5 Rxd4 35. Ra5 Rd7 36. Kg3 Kg7 37. Kf4 h5 38. g4 h4 39. f3 Re7 40. g5 Rd7 41. Kg4 Rc7 42. Kxh4 Rd7 43. f4 Rc7 44. Kg4 Rd7 45. Ra4 Rc7 46. h4 Rd7 47. f5 gxf5+ 48. Kxf5 Rd5+ 49. Ke4 Rd7 50. Kf5 Rd5+ 51. Kg4 Rd7 52. h5 Kh7 53. Rf4 Kg7 54. a4 a5 55. h6+ Kg8 56. Kh5 Rd5 57. Re4 Rf5 58. Re8+ Kh7 59. Re4 Rf1 60. Kg4 Rg1+ 61. Kf5 Rf1+ 62. Rf4 Ra1 63. Kf6 Rb1 64. Kxf7 Rb7+ 65. Kf6 Rb6+ 66. Kf5 Rb7 67. Re4 Rb8 68. Re7+ Kg8 69. h7+ Kh8 70. g6 Rf8+ 71. Rf7 Re8 72. Kg5 Re5+ 73. Rf5 Re7 74. Rxa5 Kg7 75. Ra8 Re5+ 76. Kf4 Rg5 77. h8=Q+ Kxg6 78. Qg8+ Kf6 79. Qxg5+ Ke6 80. Ra6+ Kd7 81. Qg7+ Kc8 82. Ra8# 1-0


[Site "https://www.chess.com"]

[Event "Titled Tuesday Blitz October 11 Early 2022"]
[White "Sanchez, Robert"]
[Black "Mirzoev, Azer"]
[WhiteFideId "2034360"]
[BlackFideId "13400304"]
[WhiteElo "2422"]
[BlackElo "2525"]
[Result "0-1"]
[Round "06"]
[TimeControl "180+1"]
[Date "2022.10.12"]
[WhiteClock "0:00:56"]
[BlackClock "0:01:54"]

1. e4 c5 2. Nf3 e6 3. d4 cxd4 4. Nxd4 a6 5. Bd3 b5 6. a3 Bb7 7. O-O Nc6 8. Nb3 Nf6 9. Nc3 d6 10. Be3 Be7 11. f4 O-O 12. Kh1 b4 13. Na4 bxa3 14. bxa3 Rb8 15. Rf3 d5 16. e5 Ne4 17. Bb6 Qc8 18. Rh3 g6 19. Qe2 a5 20. Rf1 Ba8 21. Nbc5 Nd4 22. Qe3 Rxb6 23. Bxe4 Bxc5 24. Nxb6 Bxb6 25. f5 Nxf5 26. Qg5 Bd8 0-1


[Site "https://www.chess.com"]

[Event "Titled Tuesday Blitz October 11 Early 2022"]
[White "Sarana, Alexey"]
[Black "Vaibhav Jayant Raut"]
[WhiteFideId "24133795"]
[BlackFideId "5089034"]
[WhiteElo "2689"]
[BlackElo "2147"]
[Result "1-0"]
[Round "06"]
[TimeControl "180+1"]
[Date "2022.10.11"]
[WhiteClock "0:00:59"]
[BlackClock "0:00:06"]

1. c4 c5 2. Nc3 Nc6 3. Nf3 e5 4. e3 d6 5. Be2 Nf6 6. d4 exd4 7. exd4 Bg4 8. O-O Be7 9. d5 Bxf3 10. Bxf3 Nd4 11. Be3 O-O 12. Bxd4 cxd4 13. Qxd4 Nd7 14. Ne4 f5 15. Ng3 Bf6 16. Qd2 g6 17. Rfe1 Ne5 18. Be2 a5 19. Rac1 Nd7 20. b3 Nc5 21. Bf3 Bg5 22. Qc2 Bxc1 23. Rxc1 Qf6 24. Ne2 Rfe8 25. Qd2 g5 26. h3 h6 27. Nd4 Re7 28. Ne6 b6 29. b4 axb4 30. Qxb4 Rxa2 31. Qxb6 Ra1 32. Qd8+ Kh7 33. Rxa1 Qxa1+ 34. Kh2 Qe5+ 35. g3 Rxe6 36. dxe6 Nxe6 37. Qe7+ Kg6 38. Bh5+ Kxh5 39. Qf7# 1-0


[Site "https://www.chess.com"]

[Event "Titled Tuesday Blitz October 11 Early 2022"]
[White "Sargsyan, Anna M."]
[Black "Remizov, Yaroslav"]
[WhiteFideId "13308130"]
[BlackFideId "34134015"]
[WhiteElo "2284"]
[BlackElo "2417"]
[Result "0-1"]
[Round "06"]
[TimeControl "180+1"]
[Date "2022.10.12"]
[WhiteClock "0:00:02"]
[BlackClock "0:00:04"]

1. d4 Nf6 2. c4 e6 3. Nf3 d5 4. Nc3 c5 5. cxd5 cxd4 6. Nxd4 Nxd5 7. Nxd5 Qxd5 8. e3 Nc6 9. Nxc6 bxc6 10. Bd2 Be7 11. Be2 O-O 12. O-O Rb8 13. Bc3 Rd8 14. Qc2 e5 15. Rfd1 Qe6 16. Rxd8+ Bxd8 17. Qe4 Bc7 18. Bc4 Qd6 19. a3 Bb7 20. Qf3 Rd8 21. Qxf7+ Kh8 22. h3 c5 23. Qe6 Qf8 24. b4 Rd6 25. Qf7 Qxf7 26. Bxf7 Rd3 27. Be1 cxb4 28. Bxb4 Bb6 29. Bc4 Rd8 30. a4 Rc8 31. Be6 Re8 32. Bf7 Rd8 33. a5 Bc7 34. Bc5 Be4 35. a6 Bb8 36. f3 Bc2 37. Rc1 Ba4 38. Be7 Rd1+ 39. Rxd1 Bxd1 40. Bc4 Ba4 41. Kf2 h6 42. e4 Kh7 43. Ke3 Bc6 44. Bc5 Kg6 45. Kd3 Kg5 46. g3 h5 47. Be7+ Kg6 48. Kc3 Bd7 49. h4 Bc7 50. Bc5 Bb8 51. Kb4 Kf6 52. Bb5 Bc8 53. Bc4 Bd7 54. Be3 Ke7 55. Bg5+ Kd6 56. Bf7 Kc6 57. Bxh5 Bd6+ 58. Kc3 Kb6 0-1


[Site "https://www.chess.com"]

[Event "Titled Tuesday Blitz October 11 Early 2022"]
[White "Shaik Sumer Arsh"]
[Black "Samaganova, Aleksandra"]
[WhiteFideId "45020000"]
[BlackFideId "13800221"]
[WhiteElo "2190"]
[BlackElo "1864"]
[Result "1-0"]
[Round "06"]
[TimeControl "180+1"]
[Date "2022.10.12"]
[WhiteClock "0:00:29"]
[BlackClock "0:00:01"]

1. c4 c5 2. Nc3 Nf6 3. Nf3 e6 4. e3 Nc6 5. b3 d5 6. cxd5 exd5 7. d4 cxd4 8. Nxd4 Bb4 9. Bd2 Nxd4 10. exd4 O-O 11. Be2 Re8 12. O-O Bf5 13. Bf3 Be7 14. Re1 h6 15. Bf4 Rc8 16. Na4 Be4 17. Nc5 Bxc5 18. dxc5 Rxc5 19. Be3 Ra5 20. Be2 Qd6 21. Qd2 b6 22. a4 Rc8 23. b4 Rc2 24. Qd4 Rxe2 25. Rxe2 Ra6 26. b5 Ra5 27. Bd2 Qd7 28. Bxa5 bxa5 29. f3 Bg6 30. Rc1 Kh7 31. Rc6 Qd8 32. Qxa7 Qf8 33. Qe7 Qb8 34. Qc7 Qf8 35. b6 1-0


[Site "https://www.chess.com"]

[Event "Titled Tuesday Blitz October 11 Early 2022"]
[White "Shandrygin, Nikita"]
[Black "Sowul, Bartosz"]
[WhiteFideId "24198668"]
[BlackFideId "1137590"]
[WhiteElo "2323"]
[BlackElo "2188"]
[Result "0-1"]
[Round "06"]
[TimeControl "180+1"]
[Date "2022.10.12"]
[WhiteClock "0:00:04"]
[BlackClock "0:00:06"]

1. e4 c5 2. Nf3 d6 3. d4 cxd4 4. Nxd4 Nf6 5. Nc3 Nc6 6. f3 e5 7. Nb3 Be7 8. Be3 O-O 9. Qd2 a5 10. Bb5 Na7 11. Be2 Nc6 12. a4 Be6 13. Nd5 Bxd5 14. exd5 Nb4 15. c4 Nd7 16. O-O b6 17. f4 Rc8 18. Rfc1 Nc5 19. Ra3 e4 20. Nd4 Bf6 21. g4 Ncd3 22. Bxd3 exd3 23. Rxd3 Bxd4 24. Bxd4 Nxd3 25. Qxd3 Qh4 26. Qf3 Rfe8 27. Kg2 Re7 28. b3 Rce8 29. Rc2 Re1 30. Bf2 Qf6 31. Bxe1 Rxe1 32. Re2 Rxe2+ 33. Qxe2 h5 34. Qe8+ Kh7 35. Qe4+ g6 36. gxh5 Qb2+ 37. Kg3 Qxb3+ 38. Qf3 Qxc4 39. hxg6+ fxg6 40. Kg4 Qxa4 41. Qe3 Qd7+ 42. Kg3 Kg7 43. Qd4+ Kg8 44. Qxb6 a4 45. Qb8+ Kg7 46. Qb4 Kh7 47. h4 Kg7 48. Qd4+ Kh7 49. Qd3 Qe8 50. Qa3 Kh6 51. Qf3 Qe1+ 52. Kg2 Qd2+ 53. Kg3 Qc2 54. Qe3 Qb3 55. Kf3 Qxe3+ 56. Kxe3 a3 57. f5 gxf5 0-1


[Site "https://www.chess.com"]

[Event "Titled Tuesday Blitz October 11 Early 2022"]
[White "Sharifov, Mekhriddin"]
[Black "Dwilewicz, Katarzyna"]
[WhiteFideId "14701545"]
[BlackFideId "1148486"]
[WhiteElo "2109"]
[BlackElo "2023"]
[Result "1-0"]
[Round "06"]
[TimeControl "180+1"]
[Date "2022.10.12"]
[WhiteClock "0:01:37"]
[BlackClock "0:00:15"]

1. e4 c5 2. Nf3 d6 3. d4 cxd4 4. Nxd4 Nf6 5. Nc3 a6 6. Bg5 Nbd7 7. Bc4 g6 8. O-O Bg7 9. f4 O-O 10. Kh1 b5 11. Nc6 Qe8 12. Bd5 h6 13. Bh4 Nxd5 14. Nxd5 Bb7 15. Nc7 Bxc6 16. Nxe8 Rfxe8 17. Qd3 Nc5 18. Qe3 Nxe4 19. c3 f5 20. Rad1 Kh7 21. Qe2 Nc5 22. Bf2 Ne4 23. Bd4 e5 24. Be3 exf4 25. Rxf4 g5 26. Rxf5 Re7 27. Qc2 Rae8 28. Bd4 Bxd4 29. cxd4 Bd7 30. Rff1 Kg7 31. d5 Bg4 32. Rde1 Ng3+ 33. hxg3 Rxe1 34. Rxe1 Rxe1+ 35. Kh2 Re2 36. Qc3+ Kg8 37. Qf6 h5 38. Qxg5+ Kf7 39. Qd8 Bf3 40. Qd7+ Kg8 41. Qd8+ Kf7 42. Qd7+ Kg8 43. Qxd6 Bxg2 44. Qg6+ Kf8 45. Qf5+ Ke7 46. Qg5+ Kd7 47. Kg1 Bf3 48. Qf5+ 1-0


[Site "https://www.chess.com"]

[Event "Titled Tuesday Blitz October 11 Early 2022"]
[White "Shipov, Sergei"]
[Black "Zierk, Steven"]
[WhiteFideId "4113624"]
[BlackFideId "2034255"]
[WhiteElo "2787"]
[BlackElo "2494"]
[Result "0-1"]
[Round "06"]
[TimeControl "180+1"]
[Date "2022.10.11"]
[WhiteClock "0:00:38"]
[BlackClock "0:00:19"]

1. d4 d5 2. c4 c6 3. Nc3 Nf6 4. Nf3 e6 5. e3 Nbd7 6. Qc2 Bd6 7. Bd2 O-O 8. O-O-O Qc7 9. Kb1 dxc4 10. Bxc4 b5 11. Be2 a6 12. Rc1 Bb7 13. Ne4 Nxe4 14. Qxe4 c5 15. Qh4 Qd8 16. Qh3 Be4+ 17. Ka1 c4 18. Ne1 a5 19. f3 Bg6 20. e4 a4 21. a3 Qe7 22. Nc2 e5 23. dxe5 Nxe5 24. Bb4 Rfd8 25. Rhd1 Qf6 26. Bxd6 Rxd6 27. Rxd6 Qxd6 28. Rd1 Qc5 29. Rd5 Qf2 30. Rxe5 Qxe2 31. Qd7 h6 32. Nb4 Qxg2 33. Qxb5 c3 34. bxc3 Qxf3 35. Re8+ Rxe8 36. Qxe8+ Kh7 37. Qxa4 Qxc3+ 38. Ka2 Bxe4 39. Qd7 Qc4+ 40. Kb2 Qe2+ 41. Kc3 f5 42. a4 Qxh2 43. a5 Qe5+ 0-1


[Site "https://www.chess.com"]

[Event "Titled Tuesday Blitz October 11 Early 2022"]
[White "Shkuran, Danylo"]
[Black "Blokhin, Sofia"]
[WhiteFideId "14106248"]
[BlackFideId "4508190"]
[WhiteElo "2427"]
[BlackElo "2005"]
[Result "0-1"]
[Round "06"]
[TimeControl "180+1"]
[Date "2022.10.12"]
[WhiteClock "0:00:02"]
[BlackClock "0:00:15"]

1. d4 Nf6 2. c4 g6 3. Nc3 Bg7 4. e4 d6 5. f3 O-O 6. Be3 Nc6 7. Qd2 e5 8. Nge2 Nd7 9. d5 Ne7 10. g4 f5 11. gxf5 gxf5 12. Bh6 Ng6 13. O-O-O f4 14. Bxg7 Kxg7 15. Bh3 Nc5 16. Bxc8 Qxc8 17. h4 Kh8 18. h5 Ne7 19. Rdg1 a6 20. Rg5 b5 21. Rhg1 bxc4 22. Kc2 Rb8 23. Nc1 Qb7 24. Nd1 Rg8 25. Qc3 Qb4 26. a3 Qa4+ 27. Kd2 Nb3+ 28. Ke1 Nxc1 29. Qxc1 Qb3 30. Qc3 Qxc3+ 31. Nxc3 Rxb2 32. Rxg8+ Nxg8 33. h6 Nxh6 34. Kd1 Rb3 35. Kc2 Rxa3 36. Rb1 Rb3 37. Ra1 Rb6 38. Na4 Rb8 39. Nc3 Ra8 40. Na4 Ng8 41. Kc3 Ne7 42. Kxc4 c6 43. dxc6 Nxc6 44. Kd5 Nd4 45. Ra3 Rd8 46. Nb6 h5 47. Nc4 h4 48. Ra2 Nxf3 49. Rf2 Nd4 50. Rh2 Nf3 51. Rh3 Nd4 52. Rxh4+ Kg7 0-1


[Site "https://www.chess.com"]

[Event "Titled Tuesday Blitz October 11 Early 2022"]
[White "Shohat, Yotam"]
[Black "Czernek, Tymon"]
[WhiteFideId "2813955"]
[BlackFideId "1199510"]
[WhiteElo "2199"]
[BlackElo "2240"]
[Result "0-1"]
[Round "06"]
[TimeControl "180+1"]
[Date "2022.10.12"]
[WhiteClock "0:00:08"]
[BlackClock "0:00:54"]

1. e4 c5 2. Nf3 d6 3. Bb5+ Nd7 4. d4 cxd4 5. Qxd4 Nf6 6. O-O e5 7. Qe3 h6 8. Rd1 Be7 9. h3 O-O 10. Bf1 Nc5 11. Nc3 Qe8 12. a4 a6 13. b4 Ne6 14. g3 Bd7 15. Bb2 Rc8 16. Qd2 Rxc3 17. Qxc3 Nxe4 18. Qe1 N4g5 19. Bg2 Nxf3+ 20. Bxf3 Ng5 21. Bxb7 Bxh3 22. Bd5 Bg4 23. Rd3 Bf6 24. f4 Nh7 25. c4 Qb8 26. fxe5 dxe5 27. b5 Ng5 28. Kg2 Re8 29. Qe3 e4 30. Rd2 Bf3+ 31. Kg1 Qxg3+ 32. Kf1 Qh3+ 0-1


[Site "https://www.chess.com"]

[Event "Titled Tuesday Blitz October 11 Early 2022"]
[White "Shuvalov, Evgenij"]
[Black "Vignesh, N R"]
[WhiteFideId "4187237"]
[BlackFideId "25012215"]
[WhiteElo "2049"]
[BlackElo "2386"]
[Result "0-1"]
[Round "06"]
[TimeControl "180+1"]
[Date "2022.10.12"]
[WhiteClock "0:00:15"]
[BlackClock "0:00:28"]

1. d4 Nf6 2. c4 e6 3. Nf3 d5 4. cxd5 exd5 5. Nc3 c6 6. Bg5 Be7 7. Qc2 g6 8. e3 Bf5 9. Bd3 Bxd3 10. Qxd3 O-O 11. O-O Nbd7 12. h3 Re8 13. Bh6 Bf8 14. Bxf8 Kxf8 15. Rfe1 a5 16. e4 dxe4 17. Nxe4 Rxe4 18. Rxe4 Nxe4 19. Qxe4 Qe7 20. Qf4 Kg7 21. Qc7 Rb8 22. Ne5 Rd8 23. Qxb7 Qd6 24. Nxc6 Re8 25. Qb5 Nf6 26. Rd1 Nd5 27. Ne5 Rb8 28. Qxa5 Nf4 29. Qd2 g5 30. a4 Qd5 31. Nf3 f6 32. Kh2 Rb3 33. Ne1 Qb7 34. Rb1 Rd3 35. Qxd3 Nxd3 36. Nxd3 Qe4 37. Ra1 Qxd3 38. a5 Qxd4 39. a6 Qxb2 40. Ra5 Qb4 41. Ra2 Qc4 42. Ra5 Qf4+ 43. Kg1 Qc1+ 44. Kh2 Qc7+ 0-1


[Site "https://www.chess.com"]

[Event "Titled Tuesday Blitz October 11 Early 2022"]
[White "Shuvalova, Polina"]
[Black "Terry, Renato"]
[WhiteFideId "24171760"]
[BlackFideId "3803457"]
[WhiteElo "2392"]
[BlackElo "2577"]
[Result "1/2-1/2"]
[Round "06"]
[TimeControl "180+1"]
[Date "2022.10.11"]
[WhiteClock "0:00:45"]
[BlackClock "0:00:09"]

1. d4 e6 2. Nf3 Nf6 3. Bf4 b6 4. e3 Bb7 5. h3 Bd6 6. Bxd6 cxd6 7. Nbd2 d5 8. Bd3 O-O 9. O-O Nc6 10. c3 Ne7 11. Qe2 Ng6 12. a4 a6 13. Rfe1 Ne4 14. Ne5 d6 15. Nxg6 hxg6 16. f3 Nxd2 17. Qxd2 e5 18. Bc2 Qh4 19. Qf2 Qh5 20. Rad1 Rfe8 21. Bb3 e4 22. f4 g5 23. fxg5 Qxg5 24. Rf1 Re7 25. Rde1 b5 26. axb5 axb5 27. Qf5 Qxf5 28. Rxf5 g6 29. Rg5 Kg7 30. Bxd5 f5 31. Bb3 Rh8 32. Rf1 Bc8 33. Kh2 b4 34. c4 Be6 35. g3 Rc7 36. d5 Bd7 37. Ra1 Kf6 38. h4 Bc8 39. Kg2 Rhh7 40. Kf2 Ra7 41. Ra4 Rxa4 42. Bxa4 Bd7 43. Bb3 Rh8 44. Ke2 Ra8 45. Kd2 Ra1 46. Bd1 Rb1 47. Kc2 Ra1 48. Kd2 Ra2 49. Kc1 Ra1+ 50. Kd2 1/2-1/2


[Site "https://www.chess.com"]

[Event "Titled Tuesday Blitz October 11 Early 2022"]
[White "Skibbe, Willi"]
[Black "Shvedova, Alexandra"]
[WhiteFideId "4682190"]
[BlackFideId "54154782"]
[WhiteElo "2325"]
[BlackElo "2090"]
[Result "0-1"]
[Round "06"]
[TimeControl "180+1"]
[Date "2022.10.12"]
[WhiteClock "0:02:12"]
[BlackClock "0:02:18"]

1. Nf3 Nf6 2. c4 e6 3. d4 d5 4. g3 dxc4 5. Bg2 Nc6 6. Qa4 Nd7 7. Qxc4 Nb6 8. Qd3 e5 9. dxe5 Qxd3 10. exd3 Nb4 11. Na3 Nxd3+ 12. Ke2 Nc5 13. Nb5 Ne6 14. Ng5 Bd7 15. Nf3 Bxb5+ 0-1


[Site "https://www.chess.com"]

[Event "Titled Tuesday Blitz October 11 Early 2022"]
[White "Skliarov, Viktor"]
[Black "Begunov, Konstantin"]
[WhiteFideId "14106736"]
[BlackFideId "4118510"]
[WhiteElo "2284"]
[BlackElo "2225"]
[Result "0-1"]
[Round "06"]
[TimeControl "180+1"]
[Date "2022.10.12"]
[WhiteClock "0:00:04"]
[BlackClock "0:00:16"]

1. e4 c5 2. Nf3 d6 3. d4 cxd4 4. Qxd4 Nc6 5. Bb5 Bd7 6. Bxc6 Bxc6 7. Nc3 Nf6 8. Bg5 e6 9. O-O-O Be7 10. Rhe1 O-O 11. Kb1 Qa5 12. Qd2 Rfc8 13. h4 b5 14. Bxf6 Bxf6 15. Nd5 Qxd2 16. Nxf6+ gxf6 17. Rxd2 Rd8 18. Nd4 Rac8 19. f3 Kf8 20. Red1 Ke7 21. g4 h5 22. gxh5 Rh8 23. Ne2 Rcd8 24. Nf4 a6 25. b4 e5 26. Nd5+ Bxd5 27. Rxd5 Rxh5 28. Rh1 Rdh8 29. Rd3 Rxh4 30. Rxh4 Rxh4 31. Ra3 Rh3 32. Rxa6 Rxf3 33. Rb6 f5 34. exf5 e4 35. Kc1 e3 36. Kd1 Rxf5 37. Ke2 Re5 38. a4 bxa4 39. Ra6 f5 40. Rxa4 f4 41. Ra1 Kd7 42. Kf3 Kc6 43. Kxf4 Kb5 44. Kf3 Kxb4 45. Ke2 Kc3 46. Ra6 d5 47. Rc6+ Kd4 48. Rc8 Rh5 49. Ra8 Rh2+ 50. Ke1 Rh1+ 51. Ke2 Rc1 52. Rc8 Rh1 53. Ra8 Rh2+ 54. Kd1 Ke4 55. Re8+ Kf3 56. Rf8+ Ke4 57. Re8+ Kd4 58. Ra8 Rd2+ 59. Kc1 Ke4 60. Re8+ Kf3 61. Rf8+ Ke2 62. Rh8 Rd1+ 63. Kb2 Kd2 64. Rd8 Ke1 65. Re8 e2 66. Kc3 d4+ 67. Kc4 Rd2 68. Rf8 Kd1 69. Re8 e1=Q 70. Rxe1+ Kxe1 71. Kb3 Kd1 0-1


[Site "https://www.chess.com"]

[Event "Titled Tuesday Blitz October 11 Early 2022"]
[White "Sohier, Julien"]
[Black "Lamaze, Simon"]
[WhiteFideId "645346"]
[BlackFideId "36069264"]
[WhiteElo "2209"]
[BlackElo "2272"]
[Result "1-0"]
[Round "06"]
[TimeControl "180+1"]
[Date "2022.10.12"]
[WhiteClock "0:00:51"]
[BlackClock "0:00:19"]

1. e4 d5 2. exd5 Qxd5 3. d4 Nf6 4. Nf3 c6 5. Be2 g6 6. c4 Qd8 7. Nc3 Bg7 8. h3 O-O 9. O-O Nbd7 10. Bf4 Nb6 11. b3 Bf5 12. Qd2 Ne4 13. Nxe4 Bxe4 14. Rad1 Bxf3 15. Bxf3 e6 16. Rfe1 Qd7 17. a4 Rad8 18. a5 Nc8 19. Bh6 Ne7 20. Bg5 Bxd4 21. Qxd4 Qxd4 22. Rxd4 Rxd4 23. Bxe7 Ra8 24. Rd1 Rxd1+ 25. Bxd1 f5 26. Bf3 Kf7 27. Bc5 a6 28. Bd6 Kf6 29. c5 e5 30. Be2 Rd8 31. Bc4 h5 32. h4 Rd7 33. f3 Rd8 34. Kf2 Rd7 35. Be2 Rd8 36. g4 hxg4 37. fxg4 f4 38. Kf3 Rh8 39. Ke4 Rxh4 40. Bxe5+ Ke6 41. Bc4+ Ke7 42. Kxf4 Rh1 43. Kg5 Rg1 44. Bd6+ Kd7 45. Bf7 b5 46. axb6 Kd8 47. b7 Kd7 48. b8=Q Rxg4+ 49. Kxg4 g5 50. Qc7# 1-0


[Site "https://www.chess.com"]

[Event "Titled Tuesday Blitz October 11 Early 2022"]
[White "Sonnenschein, Philipp"]
[Black "Vlassov, Nikolai"]
[WhiteFideId "16250877"]
[BlackFideId "4103360"]
[WhiteElo "2225"]
[BlackElo "2324"]
[Result "1-0"]
[Round "06"]
[TimeControl "180+1"]
[Date "2022.10.12"]
[WhiteClock "0:01:47"]
[BlackClock "0:02:27"]

1. e4 c5 2. Nf3 d6 3. d4 cxd4 4. Nxd4 Nf6 5. Nc3 g6 6. f3 a6 7. Be3 Nbd7 8. Qd2 Qc7 9. g4 b5 10. a3 Nb6 11. g5 Bb7 12. gxf6 e5 13. Nb3 Nc4 14. Bxc4 bxc4 15. Nc1 Qd8 16. Nd5 Rc8 17. Bb6 Qd7 18. Ne2 Qb5 19. Nec3 Qxb2 20. Ra2 1-0


[Site "https://www.chess.com"]

[Event "Titled Tuesday Blitz October 11 Early 2022"]
[White "Svane, Rasmus"]
[Black "Laohawirapap, Prin"]
[WhiteFideId "4657101"]
[BlackFideId "6205003"]
[WhiteElo "2674"]
[BlackElo "2113"]
[Result "1-0"]
[Round "06"]
[TimeControl "180+1"]
[Date "2022.10.12"]
[WhiteClock "0:00:21"]
[BlackClock "0:00:02"]

1. Nf3 Nf6 2. g3 g6 3. Bg2 Bg7 4. O-O O-O 5. d4 d6 6. Re1 c5 7. dxc5 dxc5 8. c3 Nc6 9. Qxd8 Rxd8 10. Be3 Ne4 11. Nfd2 Nxd2 12. Nxd2 Bd7 13. Bxc5 Rac8 14. Be3 Be6 15. Red1 Bd5 16. Bxd5 Rxd5 17. Nb3 Rb5 18. Rab1 a5 19. Nd4 Nxd4 20. cxd4 f5 21. Rd2 Rd5 22. Rbd1 Rc4 23. Kf1 a4 24. f3 Rb5 25. Bf2 Kf7 26. e3 Rcb4 27. Rb1 e5 28. d5 e4 29. d6 Rxb2 30. Rbd1 Rxd2 31. Rxd2 Bf6 32. d7 Bd8 33. fxe4 fxe4 34. Rd4 Ke6 35. Rxe4+ Kxd7 36. Rxa4 Rb1+ 37. Kg2 Rb2 38. Kf3 b5 39. Ra7+ Ke6 40. g4 h5 41. Ra6+ Kf7 42. h3 hxg4+ 43. hxg4 Bf6 44. Bg3 b4 45. Bd6 Bc3 46. Bc5 b3 47. axb3 Rxb3 48. Rc6 Be5 49. Ke4 Bf6 50. Rc7+ Ke6 51. Rc6+ Kf7 52. Bd6 Rc3 53. Ra6 Rc4+ 54. Kf3 Rc3 55. Bf4 Rc4 56. Ra7+ Be7 57. Ra8 Ke6 58. Ra6+ Kf7 59. Be5 Rb4 60. Bd4 Rb7 61. Ke4 Rd7 62. Rc6 Rd6 63. Rc7 Re6+ 64. Kd5 Rd6+ 65. Kc4 1-0


[Site "https://www.chess.com"]

[Event "Titled Tuesday Blitz October 11 Early 2022"]
[White "Tania, Sachdev"]
[Black "Fernandez De La Vara, Arnaldo"]
[WhiteFideId "5007844"]
[BlackFideId "3518388"]
[WhiteElo "2306"]
[BlackElo "2387"]
[Result "1-0"]
[Round "06"]
[TimeControl "180+1"]
[Date "2022.10.12"]
[WhiteClock "0:00:57"]
[BlackClock "0:00:01"]

1. d4 c5 2. c4 Nf6 3. d5 a6 4. a4 g6 5. Nf3 Bg7 6. Nc3 d6 7. Bf4 O-O 8. h3 Nbd7 9. e3 Ne8 10. Be2 Nc7 11. O-O Rb8 12. e4 Ne5 13. Nd2 Bd7 14. a5 b5 15. axb6 Rxb6 16. Qc2 f5 17. Bh2 f4 18. b3 g5 19. f3 h5 20. Kh1 Bh6 21. Na4 Rb4 22. Nb2 Kf7 23. Nd3 Nxd3 24. Bxd3 Rh8 25. e5 dxe5 26. Bg6+ Kf8 27. Ne4 Be8 28. Nxc5 Kg7 29. Bxe8 Qxe8 30. Qc3 Rb6 31. Qxe5+ Rf6 32. Qxc7 g4 33. Ne6+ Kg8 34. fxg4 hxg4 35. Nxf4 gxh3 36. Nxh3 Bg7 37. Rxf6 Bxf6 38. Qg3+ Kh7 39. Rf1 Rg8 40. Qd3+ Kh8 41. d6 Qc6 42. Qd5 Qb6 43. Qh5+ 1-0


[Site "https://www.chess.com"]

[Event "Titled Tuesday Blitz October 11 Early 2022"]
[White "Tiarks, Jann-Christian"]
[Black "Kuchava, Ana"]
[WhiteFideId "12951595"]
[BlackFideId "13605348"]
[WhiteElo "2194"]
[BlackElo "2001"]
[Result "1-0"]
[Round "06"]
[TimeControl "180+1"]
[Date "2022.10.12"]
[WhiteClock "0:00:59"]
[BlackClock "0:00:01"]

1. e4 c5 2. c3 Nf6 3. e5 Nd5 4. Bc4 Nb6 5. Bb3 Nc6 6. d4 cxd4 7. cxd4 d5 8. Nc3 Bf5 9. a4 e6 10. Nge2 Be7 11. O-O O-O 12. a5 Nc4 13. a6 bxa6 14. Rxa6 Nb4 15. Ra4 a5 16. Ng3 Bg6 17. f4 Nd3 18. f5 Nxc1 19. Qxc1 Bxf5 20. Nxf5 exf5 21. Nxd5 Qxd5 22. Rxc4 a4 23. Ba2 Qe4 24. Kh1 g6 25. Rc7 Bb4 26. Qc4 Qh4 27. Qxb4 Rab8 28. Qc3 f4 29. e6 Qd8 30. Rxf7 Rxf7 31. exf7+ Kf8 32. Qc5+ Qe7 33. Qc3 1-0


[Site "https://www.chess.com"]